 Dungeon Crawl Stone Soup version 0.28-a0-863-g8cecda6153 (webtiles) character file.

Game seed: 11460786917860318817

2960 patchburns1 the Magician (level 9, 0/65 HPs)
             Began as a Demonspawn Hedge Wizard on Nov 17, 2021.
             Was an Initiate of Vehumet.
             Slain by Erica (6 damage)
             ... on level 8 of the Dungeon on Nov 18, 2021.
             The game lasted 01:04:26 (12259 turns).

patchburns1 the Magician (Demonspawn Hedge Wizard) Turns: 12259, Time: 01:04:27

Health: 0/65       AC: 12    Str: 12    XL:     9   Next: 52%
Magic:  18/18      EV: 13    Int: 18    God:    Vehumet [......]
Gold:   250        SH:  0    Dex: 12    Spells: 15/20 levels left

rFire   . . .      SeeInvis .   w - +4 morningstar
rCold   . . .      Faith    .   (no shield)
rNeg    . . .      Spirit   .   I - +0 steam dragon scales
rPois   .          Reflect  .   c - +0 hat
rElec   .          Harm     .   (no cloak)
rCorr   .          Rampage  .   C - +0 pair of gloves
Will    .....                   (no boots)
Stlth   ++........              (no amulet)
HPRegen 0.20/turn               K - +4 ring of protection
MPRegen 0.16/turn               (no ring)

@: lethally poisoned (0 -> -8), slowed, very slow
A: demonic guardian 2, sharp scales 2, weakness stinger 1
a: Renounce Religion


You were on level 8 of the Dungeon.
You worshipped Vehumet.
Vehumet was noncommittal.
You visited 2 branches of the dungeon, and saw 9 of its levels.

You collected 440 gold pieces.
You spent 190 gold pieces at shops.

Inventory:

Hand Weapons
 a - a +0 dagger
 e - a +0 long sword
 l - a +0 scythe
 n - a +0 hand axe
 t - a +2 whip of draining
 w - a +4 morningstar (weapon)
 z - a +0 hunting sling
 B - a +0 shortbow
 L - a +1 scimitar
 P - a +0 battleaxe
Missiles
 b - 8 poisoned darts
 f - 54 bolts
 h - 209 stones
 o - 117 arrows
 x - 2 boomerangs
 E - 23 sling bullets
 F - a throwing net
Armour
 c - a +0 hat (worn)
 C - a +0 pair of gloves (worn)
 I - +0 steam dragon scales (worn)
Magical Staves
 J - a staff of fire
Jewellery
 K - a +4 ring of protection (left hand)
 Q - an amulet of regeneration
Wands
 D - a wand of flame (19)
Scrolls
 g - a scroll of holy word {unknown}
 i - 2 scrolls of noise
 j - 3 scrolls of teleportation
 s - a scroll of blinking {unknown}
 u - a scroll of amnesia {unknown}
 v - a scroll of acquirement {unknown}
 y - 3 scrolls of fear
 A - a scroll of fog {unknown}
 G - a scroll of summoning {unknown}
 H - a scroll of enchant armour {unknown}
Potions
 d - a potion of lignification
 k - 2 potions of flight
 m - 6 potions of curing
 p - 2 potions of resistance
 q - 2 potions of heal wounds
 r - a potion of degeneration
 M - a potion of might {unknown}
 N - a potion of mutation {unknown}
 O - a potion of ambrosia


   Skills:
 + Level 3.9 Fighting
 + Level 4.3 Dodging
 - Level 2.0 Stealth
 * Level 6.4 Spellcasting
 * Level 6.1 Conjurations
 + Level 4.2 Summonings
 + Level 3.9 Translocations
 + Level 1.2 Fire Magic
 + Level 2.4 Air Magic
 + Level 2.4 Earth Magic
 + Level 1.5 Evocations


You had 15 spell levels left.
You knew the following spells:

 Your Spells              Type           Power      Damage    Failure   Level
a - Magic Dart            Conj           100%       1d8       1%          1
b - Blink                 Tloc           38%        N/A       3%          2
c - Call Imp              Summ           21%        N/A       3%          2

Your spell library contained the following spells:

 Spells                   Type           Power      Damage    Failure   Level
 Static Discharge         Conj/Air       21%        N/A       3%          2
 Conjure Flame            Conj/Fire      19%        6-21      8%          3
 Mephitic Cloud           Conj/Pois/Air  16%        N/A       11%         3
 Slow                     Hex            20%        N/A       12%         1
 Animate Armour           Summ/Erth      34%        N/A       28%         4
 Lightning Bolt           Conj/Air       10%        1d23      50%         5
 Blade Hands              Tmut           2%         N/A       97%         5
 Iron Shot                Conj/Erth      10%        9d3       97%         6
 Maxwell's Capacitive Co  Air            7%         ∞         100%        8


Dungeon Overview and Level Annotations

Branches:
Dungeon (8/15)             Temple (1/1) D:7
   Lair: D:8-11

Altars:
Ashenzari
Cheibriados
Dithmenos
Gozag
Hepliaklqana
Kikubaaqudgha
Makhleb
Nemelex Xobeh
Okawaru
Qazlal
Ru
Sif Muna
Trog
Vehumet
Xom
Yredelemnul
Zin
The Shining One

Shops:
D:6 !

Annotations:
D:8 Erica


Innate Abilities, Weirdness & Mutations

A demonic guardian rushes to your aid.
You are mostly covered in razor-sharp scales. (AC +2, Slay +2)
You have a small tail.


Message History

Unknown command.
As you close the door, it creaks loudly!
There is a stone staircase leading up here.
You start waiting.
Something hits you but does no damage.
There is a stone staircase leading up here.
You hear some strange, mumbled words.
A lance of force appears from out of thin air!
The lance of force hits you!
You stop ascending the stairs.
You are knocked back by the lance of force.
You slam into the rock wall!
As you open the door, it creaks loudly!
There is an open door here.
You hear some strange, mumbled words.
A lance of force appears from out of thin air!
The lance of force hits you.
You are knocked back by the lance of force.
You slam into the rock wall!
You see here an amulet of regeneration.
You hear some strange, mumbled words.
A bolt of poison appears from out of thin air!
Keep equipping yourself?
The bolt of poison hits you!!
You are poisoned.
* * * LOW HITPOINT WARNING * * *
A demonic guardian appears!
You start putting on your amulet.
You continue putting on your amulet of regeneration.
* * * LOW HITPOINT WARNING * * *
You feel very sick.
You continue putting on your amulet of regeneration.
* * * LOW HITPOINT WARNING * * *
You feel very sick.
You hear some strange, mumbled words.
You feel yourself slow down.
You continue putting on your amulet of regeneration.
* * * LOW HITPOINT WARNING * * *
You feel very sick. Something hits you.
You die...

#..............#
#.......<#....##
#........#....#
#........#....#
######'###....#
#........4....#
#.............#
#.........#####
#.......@.#
#.>.......#
#.........#
#.........#
#.........#
.........#
##########


You could see a friendly orange demon (summoned).

Vanquished Creatures
  Prince Ribbit (D:6)
  A shadow (D:6)
  A water moccasin (D:5)
  An orc warrior (D:7)
  An ice beast (D:7)
  3 ogres
  A centaur (D:5)
  3 scorpions (D:5)
  A wight (D:7)
  2 centaur zombies
  A bullfrog zombie (D:5)
  4 hounds
  2 iguanas (D:6)
  2 orc wizards (D:7)
  A howler monkey zombie (D:5)
  2 gnolls (D:6)
  2 howler monkey skeletons
  An adder (D:5)
  2 shadow imps (D:5)
  An adder zombie (D:5)
  A worm (D:4)
  A dart slug (D:3)
  9 orcs
  8 endoplasms
  6 giant cockroaches
  3 goblins
  4 hobgoblins
  2 jackals
  5 quokkas
  5 ball pythons
  4 bats
  5 frilled lizards
  6 kobolds
  2 rats
94 creatures vanquished.

Vanquished Creatures (collateral kills)
  A centaur zombie (D:6)
  Sigmund (D:3)
  A steam dragon (D:7)
  An orc warrior (D:7)
  An ice beast (D:7)
  A necrophage (D:6)
  A scorpion (D:6)
  A water moccasin skeleton (D:5)
  4 wights (D:7)
  2 hounds (D:4)
  An iguana (D:5)
  An orc priest (D:7)
  An orc wizard (D:7)
  2 gnolls (D:6)
  3 orcs
  A ball python (D:3)
  An endoplasm (D:1)
  A hobgoblin (D:3)
  A kobold (D:3)
26 creatures vanquished.

Vanquished Creatures (others)
  An orc (D:7)
1 creature vanquished.

Grand Total: 121 creatures vanquished

Notes
Turn   | Place    | Note
-------+----------+-------------------------------------------
     0 | D:1      | patchburns1 the Demonspawn Hedge Wizard began the quest for
                  | the Orb.
     0 | D:1      | Reached XP level 1. HP: 13/13 MP: 4/4
   442 | D:1      | Found a faded altar of an unknown god.
   653 | D:1      | Reached skill level 1 in Translocations
   742 | D:1      | Gained mutation: A weak demonic guardian rushes to your
                  | aid. [demonic ancestry]
   742 | D:1      | Reached XP level 2. HP: 19/19 MP: 1/6
   987 | D:1      | Learned a level 2 spell: Blink
   990 | D:1      | Learned a level 2 spell: Call Imp
  1987 | D:2      | Gained mutation: You have a small tail. [demonic ancestry]
  1987 | D:2      | Reached XP level 3. HP: 24/25 MP: 2/7
  2486 | D:3      | Noticed Sigmund
  2515 | D:3      | Killed Sigmund
  2516 | D:3      | Reached skill level 1 in Fighting
  2516 | D:3      | Reached XP level 4. HP: 14/32 MP: 1/9
  2516 | D:3      | Gained mutation: You are partially covered in razor-sharp
                  | scales. (AC +1, Slay +1) [demonic ancestry]
  2516 | D:3      | Reached XP level 5. HP: 16/37 MP: 1/10
  4148 | D:4      | Found a sparkling altar of Nemelex Xobeh.
  4592 | D:4      | Gained mutation: You are mostly covered in razor-sharp
                  | scales. (AC +2, Slay +2) [demonic ancestry]
  4592 | D:4      | Reached XP level 6. HP: 16/43 MP: 6/12
  5212 | D:5      | Entered Level 5 of the Dungeon
  5445 | D:5      | Noticed a water moccasin
  5498 | D:5      | Killed a water moccasin
  5669 | D:5      | Reached XP level 7. HP: 30/50 MP: 13/13
  5843 | D:5      | Noticed a two-headed ogre
  6864 | D:5      | Reached skill level 5 in Spellcasting
  7924 | D:5      | Gained mutation: A demonic guardian rushes to your aid.
                  | [demonic ancestry]
  7924 | D:5      | Reached XP level 8. HP: 39/57 MP: 15/15
  8117 | D:5      | Found a shimmering altar of Xom.
  8151 | D:5      | Found a sparkling altar of Nemelex Xobeh.
  8151 | D:5      | Found an ornate altar of the Wu Jian Council.
  8153 | D:5      | Found a radiant altar of Vehumet.
  8153 | D:5      | Found a sparkling altar of Nemelex Xobeh.
  8153 | D:5      | Found a burning altar of Makhleb.
  8302 | D:5      | Found a basalt altar of Yredelemnul.
  8403 | D:6      | Noticed Prince Ribbit
  8426 | D:6      | Killed Prince Ribbit
  8538 | D:6      | Reached skill level 5 in Conjurations
  8538 | D:6      | Reached skill level 1 in Air Magic
  8538 | D:6      | Reached skill level 1 in Earth Magic
  9128 | D:6      | Found Niusatah's Distillery.
  9136 | D:6      | Bought a potion of heal wounds for 50 gold pieces
  9136 | D:6      | Bought a potion of curing for 30 gold pieces
  9136 | D:6      | Bought a potion of curing for 30 gold pieces
  9532 | D:6      | Reached XP level 9. HP: 30/64 MP: 17/17
  9781 | D:6      | Found a sacrificial altar of Ru.
 10337 | D:7      | Found a staircase to the Ecumenical Temple.
 10356 | D:7      | Found Onoitir's CLEARANCE SALE!.
 10360 | Temple   | Entered the Ecumenical Temple
 10371 | Temple   | Became a worshipper of Vehumet
 10880 | D:7      | Reached skill level 1 in Evocations
 11154 | D:7      | Found a stormy altar of Qazlal.
 11211 | D:7      | Reached skill level 1 in Fire Magic
 11416 | D:7      | Found a bloodstained altar of Trog.
 11430 | D:7      | Found a burning altar of Makhleb.
 11762 | D:7      | Bought a potion of ambrosia for 56 gold pieces
 11762 | D:7      | Bought a scroll of fear for 24 gold pieces
 12232 | D:8      | Noticed Erica
 12259 | D:8      | Slain by Erica

Illustrated notes

Levels and vault maps discovered:
D:1:      minmay_arrival_statue_studded, layout_basic,
          ebering_ecumenical_altar_sacrificial
D:2:      layout_rooms
D:3:      layout_basic, uniq_sigmund
D:4:      layout_basic, nemelex_dance_club_becter
D:5:      layout_basic, marbit_many_paths, doesnt_xom_only_xom,
          kennysheep_generic_room_13
D:6:      layout_basic, kennysheep_mini, nicolae_ru_the_path_less_chosen,
          serial_shops, nicolae_shop_hallway_stairs, uniq_prince_ribbit1
D:7:      layout_cave_pools, kennysheep_mini_moat, bloody_trog,
          nicolae_qazlal_style_of_elements,
          minmay_temple_entry_statues_fountains, nicolae_shop_clearance
D:8:      layout_basic, hangedman_abyss_or_decor_slice,
          minmay_misc_feat_columns, uniq_erica, uniq_maurice
Temple:   eino_wide_crystal_templ

Skill      XL: |  1  2  3  4  5  6  7  8  9 |
---------------+----------------------------+-----
Translocations | 1 2 3 |  3.9
Stealth        | 2 |  2.0
Dodging        | 2 3 4 |  4.3
Fighting       | 1 2 3 |  3.9
Conjurations   | 2 3 4 5 6 |  6.1
Summonings     | 2 3 4 |  4.2
Spellcasting   | 4 5 6 |  6.4
Air Magic      | 1 2 |  2.4
Earth Magic    | 1 2 |  2.4
Evocations     | 1 |  1.5
Fire Magic     | 1 |  1.2

Action                   |  1- 3 |  4- 6 |  7- 9 || total
-------------------------+-------+-------+-------++-------
Melee: Dagger            |    51 |    82 |       ||   133
       Tailslap          |     4 |    11 |    24 ||    39
       Long sword        |       |       |    99 ||    99
       Staff             |       |       |    31 ||    31
       Morningstar       |       |       |    30 ||    30
 Fire: Shortbow          |       |       |     4 ||     4
 Cast: Magic Dart        |    65 |    70 |    91 ||   226
       Call Imp          |     3 |     6 |    16 ||    25
       Blink             |       |       |     7 ||     7
  Use: Scroll            |       |     1 |     6 ||     7
       Potion            |       |       |     1 ||     1
 Stab: Sleeping          |     1 |       |     1 ||     2
       Distracted        |       |       |     2 ||     2
Armor: Robe              |    10 |    16 |    58 ||    84
       Steam dragon scal |       |       |     1 ||     1
Dodge: Dodged            |    32 |    66 |   139 ||   237

Table legend: (Time is in decaauts)
 A = Elapsed time spent in this place.
 B = Non-inter-level travel time spent in this place.
 C = Inter-level travel time spent in this place.
 D = Time resting spent in this place.
 E = Time spent auto-exploring this place.
 F = Levels seen in this place.
 G = Mean time per level.
                   A        B        C        D        E       F      G
               +--------+--------+--------+--------+--------+-----+--------+
         Total |  12322 |  12268 |     54 |   5393 |   2951 |   9 | 1369.1 |
       Dungeon |  12250 |  12196 |     54 |   5393 |   2910 |   8 | 1531.2 |
        Temple |     72 |     72 |      0 |      0 |     41 |   1 |   72.0 |
               +--------+--------+--------+--------+--------+-----+--------+

Top non-repeatable levels by time:
     D:5: 2850 daAuts
     D:6: 2099 daAuts
     D:1: 1771 daAuts
     D:4: 1762 daAuts
     D:7: 1720 daAuts
     D:3: 1399 daAuts
     D:2: 612 daAuts
  Temple: 72 daAuts
     D:8: 32 daAuts
